 Dungeon Crawl Stone Soup version 0.15.0-12-gccce430 (webtiles) character file.

2907 Kejsarherre the Basher (level 9, 0/97 HPs)
             Began as an Ogre Hunter on Sept 2, 2014.
             Was an Initiate of Okawaru.
             Slain by an orc (2 damage)
             ... on Level 8 of the Dungeon.
             The game lasted 00:27:52 (6478 turns).

Kejsarherre the Basher (Ogre Hunter)                Turns: 6478, Time: 00:27:53

HP   0/97        AC  7     Str 27      XL: 9   Next: 78%
MP   9/9         EV 10     Int 10      God: Okawaru [......]
Gold 327         SH  0     Dex 10      Spells:  0 memorised,  8 levels left

rFire  + . .     SeeInvis .     H - +0 giant spiked club
rCold  . . .     Clarity  .     d - +1 animal skin (curse)
rNeg   + . .     rCorr    .     (shield restricted)
rPois  .         rRot     .     q - +2 hat
rElec  .         Spirit   .     J - +0 cloak
SustAb .         Warding  +     (gloves unavailable)
rMut   .         Stasis   .     (boots unavailable)
Gourm  .                        F - amulet of warding
MR     +....                    A - +5 ring of strength
                                k - ring "Fasyunkeuqo" {rF+ MR+}

@: somewhat resistant to hostile enchantments, very unstealthy
A: unfitting armour, tough skin 1
a: Renounce Religion


You were on level 8 of the Dungeon.
You worshipped Okawaru.
Okawaru was noncommittal.
You were hungry.

You visited 2 branches of the dungeon, and saw 9 of its levels.

You collected 327 gold pieces.

Inventory:

Hand weapons
 a - a +1 club
 b - a +0 mace
 x - a +3 mace
 H - a +0 giant spiked club (weapon)
Missiles
 l - 2 silver javelins (quivered)
Armour
 d - a cursed +1 animal skin (worn)
 q - a +2 hat (worn)
 J - a +0 cloak (worn)
Magical devices
 m - a wand of magic darts (10) {unknown}
 v - a wand of enslavement (10)
 C - a wand of fireball (5)
 G - a wand of cold (9) {unknown}
Comestibles
 f - 2 meat rations
 i - 7 beef jerkies
 p - 5 bread rations
 u - a royal jelly
 O - 9 slices of pizza
 P - a rotting chunk of jackal flesh
Scrolls
 e - a scroll of teleportation
 h - 4 scrolls of remove curse
 y - 2 scrolls of recharging
Jewellery
 c - an uncursed ring of ice
 k - the ring "Fasyunkeuqo" (left hand) {rF+ MR+}
   (You found it on level 4 of the Dungeon)

   [ring of protection from magic]

   It protects you from fire.
   It affects your resistance to hostile enchantments.
 A - a +5 ring of strength (right hand)
 B - an uncursed ring of fire
 F - an amulet of warding (around neck)
Potions
 g - a potion of flight
 j - a potion of might
 o - 2 potions of cancellation
 r - 2 potions of curing
 s - a potion of confusion
 t - a potion of magic
 z - a potion of restore abilities
 E - a potion of mutation {unknown}
 L - a potion of heal wounds {unknown}
 M - a potion of brilliance {unknown}
Books
 w - a book of the Dragon

   Spells                             Type                      Level
   Flight                             Charms/Air                   3
   Cause Fear                         Hexes                        4
   Bolt of Fire                       Conjuration/Fire             6
   Dragon Form                        Transmutation                7
   Dragon's Call                      Summoning                    9


   Skills:
 - Level 8.4 Fighting
 + Level 14.5 Maces & Flails
 - Level 4.3 Throwing
 - Level 1.7 Dodging
 - Level 0.7 Stealth


You had 8 spell levels left.
You didn't know any spells.

Dungeon Overview and Level Annotations

Branches:
Dungeon (8/15)             Temple (1/1) D:7
   Lair: D:8-11

Altars:
Ashenzari
Cheibriados
Dithmenos
Elyvilon
Fedhas
Kikubaaqudgha
Makhleb
Nemelex Xobeh
Okawaru
Qazlal
Sif Muna
Trog
Vehumet
Xom
Yredelemnul
Zin
The Shining One


Innate Abilities, Weirdness & Mutations

You are too large for most types of armour.
You have tough skin (AC +1).


Message History

Press: ? - help, Shift-Dir - straight line, f - orc, p - manticore skeleton
Aim: an orc
Okay, then.
You closely miss the orc. The orc hits you but does no damage.
The orc barely misses you.
The orc warrior hits you from afar with a glaive!
* * * LOW HITPOINT WARNING * * *
The manticore skeleton barely misses you. x2
The manticore skeleton claws you.
* * * LOW HITPOINT WARNING * * *
The orc closely misses you.
Unknown command.
Drink which item? (? for menu, Esc to quit)
Okay, then.
Read which item? (? for menu, Esc to quit)
Okay, then.
The orc hits you.
* * * LOW HITPOINT WARNING * * *
The orc hits you.
You die...

##.###.# .#
##....####..##
#......<.o...#
##...#....###.## ##.
#...#..(### #..###...#
#...#.)!)## #........#
#...##(...)## #.......#
#..##).....(###oo.....#
#.......###.(##Z@#
#.....### ##.<...#
#....# #$.o.## #....
##..## ...# #### ..


You could see an orc warrior, 2 orcs and a manticore skeleton.

Vanquished Creatures
  A hog (D:7)
  A human (D:7)
  Menkaure (D:5)
  A water moccasin (D:7)
  4 orc warriors
  A phantom (D:4)
  3 ogres
  Sigmund (D:2)
  2 centaurs
  A giant frog (D:8)
  A water moccasin skeleton (D:4)
  A jelly (D:7)
  2 goliath beetles
  2 crimson imps (D:6)
  2 centaur skeletons (D:4)
  6 orc wizards
  Crazy Yiuf (D:6)
  7 orc priests
  6 hounds
  3 worker ants
  4 iguanas
  A quasit (D:7)
  3 sheep (D:7)
  5 adders
  7 gnolls
  2 shadow imps
  A worm (D:3)
  An iguana zombie (D:7)
  29 orcs
  10 bats
  A giant cockroach (D:3)
  18 hobgoblins
  28 jackals
  18 kobolds
  3 quokkas
  6 giant geckos
  3 giant newts
  A giant spore (D:6)
  15 goblins
  A goblin skeleton (D:4)
  A hobgoblin skeleton (D:4)
  A jackal zombie (D:3)
  20 rats
  A ballistomycete (D:6)
  2 fungi (D:6)
229 creatures vanquished.

Notes
Turn   | Place    | Note
--------------------------------------------------------------
     0 | D:1      | Kejsarherre, the Ogre Hunter, began the quest for the Orb.
     0 | D:1      | Reached XP level 1. HP: 22/22 MP: 1/1
   532 | D:1      | Reached XP level 2. HP: 29/31 MP: 2/2
   908 | D:2      | Reached XP level 3. HP: 34/39 MP: 3/3
   957 | D:2      | Noticed Sigmund
   974 | D:2      | Killed Sigmund
   974 | D:2      | Reached skill level 5 in Fighting
   974 | D:2      | Reached XP level 4. HP: 30/50 MP: 4/4
  1524 | D:2      | Reached XP level 5. HP: 58/58 MP: 5/5
  1783 | D:3      | Reached skill level 6 in Fighting
  2115 | D:3      | Found a snail-covered altar of Cheibriados.
  2129 | D:3      | Reached XP level 6. HP: 55/68 MP: 6/6
  2259 | D:3      | Reached skill level 5 in Maces & Flails
  2634 | D:4      | Got a fine bone ring
  2636 | D:4      | Identified the ring "Fasyunkeuqo" {rF+ MR+} (You found it on level 4 of the Dungeon)
  2873 | D:4      | Reached skill level 7 in Fighting
  2888 | D:4      | Reached XP level 7. HP: 54/78 MP: 7/7
  3298 | D:4      | Reached skill level 8 in Fighting
  3597 | D:5      | Entered Level 5 of the Dungeon
  3947 | D:5      | Noticed Menkaure
  3948 | D:5      | Killed Menkaure
  3948 | D:5      | Reached XP level 8. HP: 67/89 MP: 8/8
  3986 | D:5      | Reached skill level 9 in Maces & Flails
  4272 | D:5      | Reached skill level 10 in Maces & Flails
  4841 | D:6      | Reached skill level 11 in Maces & Flails
  5258 | D:6      | Noticed Crazy Yiuf
  5261 | D:6      | Killed Crazy Yiuf
  5388 | D:6      | Reached XP level 9. HP: 97/97 MP: 9/9
  5557 | D:7      | Reached skill level 12 in Maces & Flails
  5734 | D:7      | Reached skill level 13 in Maces & Flails
  6205 | D:7      | Reached skill level 14 in Maces & Flails
  6274 | D:7      | Found a staircase to the Ecumenical Temple.
  6292 | Temple   | Entered the Ecumenical Temple
  6330 | Temple   | Became a worshipper of Warmaster Okawaru
  6478 | D:8      | HP: 2/97 [orc (5)]
  6478 | D:8      | Slain by an orc

Action                   |  1- 3 |  4- 6 |  7- 9 || total
-------------------------+-------+-------+-------++-------
Melee: Club              |    62 |   216 |       ||   278
       Mace              |       |    24 |    73 ||    97
       Giant spiked club |       |       |   217 ||   217
Throw: Large rock        |     6 |    20 |    40 ||    66
       Throwing net      |       |     2 |       ||     2
       Javelin           |       |     2 |    16 ||    18
Evoke: Wand              |       |       |     2 ||     2
  Use: Scroll            |       |     6 |    11 ||    17
       Potion            |       |       |     1 ||     1
 Stab: Sleeping          |     1 |       |       ||     1
  Eat: Chunk             |       |     7 |    11 ||    18
